 Dungeon Crawl Stone Soup version 0.31-a0-246-g8cbcc1cb85 (webtiles) character file.

Game seed: 14101709426432879214

12 qw the Shooter (level 2, 0/16 HPs)
             Began as a Gargoyle Hexslinger on July 12, 2023.
             Slain by an endoplasm (3 damage)
             ... on level 1 of the Dungeon.
             The game lasted 00:00:06 (90 turns).

qw the Shooter (Gargoyle Hexslinger)                  Turns: 90, Time: 00:00:07

Health: 0/16       AC:  4    Str: 11    XL:     2   Next: 33%
Magic:  3/3        EV: 12    Int: 13    God:
Gold:   0          SH:  0    Dex: 12    Spells: 2/3 levels left

rFire   . . .        a - +1 sling
rCold   . . .        (no shield)
rNeg    + . .        c - +0 robe
rPois   inf          (no helmet)
rElec   +            (no cloak)
rCorr   .            (no gloves)
SInv    .            (no boots)
Will    .....        (no amulet)
Stlth   +            (no ring)
HPRegen 0.22/turn    (no ring)
MPRegen 0.08/turn

%: no passive effects
@: no status effects
A: sickness immunity, AC +2, negative energy resistance 1, electricity
resistance, torment resistance 1, petrification resistance
a: no special abilities


You were on level 1 of the Dungeon.
You visited 1 branch of the dungeon, and saw 1 of its levels.


Innate Abilities, Weirdness & Mutations

You are immune to sickness and miasma.
Your stone body is resilient. (AC +2)
You are immune to poison.
You resist negative energy. (rN+)
You are resistant to electric shocks. (rElec)
You are resistant to unholy torment.
You are immune to petrification.


   Skills:
 - Level 1.1 Fighting
 + Level 2.9 Ranged Weapons
 - Level 1.5 Dodging
 - Level 1.0 Spellcasting
 - Level 2.6 Hexes


You had 2 spell levels left.
You knew the following spells:

 Your Spells              Type           Power      Damage    Failure   Level
a - Slow                  Hex            28%        N/A       10%         1

Your spell library contained the following spells:

 Spells                   Type           Power      Damage    Failure   Level
 Inner Flame              Hex/Fire       4%         N/A       43%         3
 Portal Projectile        Hex/Tloc       8%         N/A       43%         3
 Cause Fear               Hex            3%         N/A       67%         4

Inventory:

Hand Weapons
 a - a +1 sling (weapon)
Armour
 c - a +0 robe (worn)
Scrolls
 b - a scroll of poison

Dungeon Overview and Level Annotations

Branches:
Dungeon (1/15)

Altars:


Message History

The sling bullet hits the giant cockroach.
The giant cockroach is heavily wounded.
You shoot a sling bullet.
The sling bullet hits the giant cockroach.
You kill the giant cockroach!
You open the door.
There is an open door here.
A quokka comes into view.
You shoot a sling bullet.
The sling bullet closely misses the quokka.
An endoplasm comes into view.
You shoot a sling bullet. The sling bullet misses the quokka.
The quokka bites you.
The endoplasm hits you but does no damage.
You shoot a sling bullet.
The sling bullet barely misses the quokka.
The quokka misses you. The endoplasm closely misses you. The quokka bites you.
You shoot a sling bullet.
The sling bullet closely misses the quokka.
The quokka misses you. The endoplasm freezes you.
You are frozen.
You shoot a sling bullet.
The sling bullet barely misses the quokka.
The quokka completely misses you. The endoplasm freezes you.
You are frozen.
The quokka closely misses you. The endoplasm freezes you.
You are frozen.
You shoot a sling bullet.
The sling bullet completely misses the quokka.
The quokka bites you. The endoplasm barely misses you.
You shoot a sling bullet.
The sling bullet barely misses the quokka.
The quokka barely misses you. The endoplasm barely misses you.
The quokka misses you.
You shoot a sling bullet. The sling bullet hits the quokka.
The quokka is lightly wounded.
The quokka barely misses you. The endoplasm hits you.
You die...

............###~~~.~~
.........[#.##~~~~~.~
###.....###.#~~~~~~.~
+.%...'...~~~8~~.~~
#.....####~~~~~.~~~
#.....# #~~~~~.~~~
+.....# #~~~~~.~~~
#.....# #~~~~~~..>
#.@#### #~~~~~~~<.
##Jr...# #~~~~~~~~~
...##..#.~~~~~~~~~
###+# ..~~~~~~~~~
.#~~~8~~~~~
##~~~~~~~. ##~~~~~~.
##~~~~~~


You could see an endoplasm and a quokka.

Vanquished Creatures
  A ball python (D:1)
  A bat (D:1)
  2 giant cockroaches (D:1)
  4 jackals (D:1)
  A kobold (D:1)
9 creatures vanquished.

Notes
Turn   | Place    | Note
-------+----------+-------------------------------------------
     0 | D:1      | qw the Gargoyle Hexslinger began the quest for the Orb.
     0 | D:1      | Reached XP level 1. HP: 12/12 MP: 2/2
     0 | D:1      | 0 ||| qw: Version: 0.3-a-52-g30416fa
     0 | D:1      | 0 ||| qw: Game counter: 6362
     0 | D:1      | 0 ||| qw: Melee chars always use a shield: true
     0 | D:1      | 0 ||| qw: God list: Okawaru
     0 | D:1      | 0 ||| qw: Allow faded altars: false
     0 | D:1      | 0 ||| qw: Do Orc after clearing Dungeon:15 true
     0 | D:1      | 0 ||| qw: Do second Lair branch before Depths: true
     0 | D:1      | 0 ||| qw: Lair rune preference: random
     0 | D:1      | 0 ||| qw: Goals: Normal
     0 | D:1      | 0 ||| PLANNING D:1-11
    26 | D:1      | Reached XP level 2. HP: 15/16 MP: 3/3
    41 | D:1      | 41 ||| FLEEEEING.
    42 | D:1      | 42 ||| FLEEEEING.
    43 | D:1      | 43 ||| FLEEEEING.
    44 | D:1      | 44 ||| FLEEEEING.
    45 | D:1      | 45 ||| FLEEEEING.
    46 | D:1      | 46 ||| FLEEEEING.
    87 | D:1      | HP: 4/16 [frozen (2)]
    90 | D:1      | Slain by an endoplasm

Levels and vault maps discovered:
D:1:      nzn_arrival_water_spiral, layout_basic

Action                     || total
---------------------------++-------
   Fire: Sling             ||    39
 Armour: Robe              ||     8
  Dodge: Dodged            ||    24

Table legend:
 A = Non-vault XP
 B = Vault XP
 C = Vault XP percentage of total XP
 D = Non-vault monster count
 E = Vault monster count
 F = Vault count percentage of total count
                 A         B        C        D         E       F
            +---------+---------+-------+---------+---------+-------
      Total |      18 |       0 |   0.0 |       9 |       0 |   0.0
            +---------+---------+-------+---------+---------+-------
        D:1 |      18 |       0 |   0.0 |       9 |       0 |   0.0
            +---------+---------+-------+---------+---------+-------
